 Dungeon Crawl Stone Soup version 0.27.1 (webtiles) character file.

Game seed: 12224313669958004065

68 r3algoood the Grasshopper (level 4, -2/38 HPs)
             Began as a Gnoll Warper on Aug 31, 2021.
             Killed from afar by a dart slug (4 damage)
             ... with a slug dart
             ... on level 3 of the Dungeon.
             The game lasted 00:03:48 (2514 turns).

r3algoood the Grasshopper (Gnoll Warper)            Turns: 2514, Time: 00:03:49

Health: -2/38      AC:  3    Str: 12    XL:     4   Next: 19%
Magic:  7/11       EV: 13    Int: 12    God:
Gold:   49         SH:  0    Dex: 17    Spells: 8/13 levels left

rFire    . . .     SeeInvis .   a - +0 hand axe
rCold    . . .     Faith    .   (no shield)
rNeg     . . .     Spirit   .   b - +0 leather armour
rPois    .         Reflect  .   (no helmet)
rElec    .         Harm     .   (no cloak)
rCorr    .         Rampage  .   (no gloves)
Will     .....                  (no boots)
Stlth    ++........             f - amulet of magic regeneration
HPRegen  0.12/turn              l - +6 ring of dexterity
MPRegen  0.37/turn              (no ring)

@: no status effects
A: fangs 1, strong nose, distributed training
a: no special abilities


You were on level 3 of the Dungeon.
You visited 1 branch of the dungeon, and saw 3 of its levels.

You collected 49 gold pieces.

Inventory:

Hand Weapons
 a - a +0 hand axe (weapon)
Missiles
 d - 5 boomerangs of dispersal (quivered)
Armour
 b - a +0 leather armour (worn)
Jewellery
 f - an amulet of magic regeneration (around neck)
 l - a +6 ring of dexterity (left hand)
Scrolls
 c - a scroll of blinking
 g - 2 scrolls of teleportation {unknown}
 h - 2 scrolls of noise {unknown}
 k - a scroll of brand weapon {unknown}
Potions
 e - 2 potions of degeneration {unknown}
 i - a potion of magic {unknown}
 j - 2 potions of lignification {unknown}


   Skills:
 + Level 4.6 Fighting
 + Level 1.0 Short Blades
 + Level 1.0 Long Blades
 + Level 4.6 Axes
 + Level 1.0 Maces & Flails
 + Level 1.0 Polearms
 + Level 1.0 Staves
 + Level 1.0 Slings
 + Level 1.0 Bows
 + Level 1.0 Crossbows
 + Level 2.7 Throwing
 + Level 2.7 Armour
 + Level 4.6 Dodging
 + Level 1.0 Stealth
 + Level 1.0 Shields
 + Level 1.0 Unarmed Combat
 + Level 5.0 Spellcasting
 + Level 0.8 Conjurations
 + Level 0.8 Hexes
 + Level 0.8 Summonings
 + Level 0.8 Necromancy
 + Level 5.4 Translocations
 + Level 0.8 Transmutations
 + Level 0.8 Fire Magic
 + Level 0.8 Ice Magic
 + Level 0.8 Air Magic
 + Level 0.8 Earth Magic
 + Level 0.8 Poison Magic
 + Level 1.1 Invocations
 + Level 1.0 Evocations


You had 8 spell levels left.
You knew the following spells:

 Your Spells              Type           Power      Damage    Failure   Level
a - Blink                 Tloc           N/A        N/A       4%          2
b - Teleport Other        Tloc           16%        N/A       9%          3

Your spell library contained the following spells:

 Spells                   Type           Power      Damage    Failure   Level
 Gell's Gravitas          Tloc           8%         N/A       9%          3
 Lesser Beckoning         Tloc           8%         N/A       9%          3
 Manifold Assault         Tloc           16%        N/A       58%         5


Dungeon Overview and Level Annotations

Branches:
Dungeon (3/15)

Altars:
Fedhas


Innate Abilities, Weirdness & Mutations

You have very sharp teeth.
Your uncanny sense of smell can sniff out nearby items.
Your experience applies equally to all skills.


Message History

You barely miss nxtlvl's ghost.
Nxtlvl's ghost is heavily damaged.
Nxtlvl's ghost closely misses you.
You hit nxtlvl's ghost.
Nxtlvl's ghost is severely damaged.
Nxtlvl's ghost hits you.
* * * LOW HITPOINT WARNING * * *
You hit nxtlvl's ghost. Your bite misses nxtlvl's ghost.
Nxtlvl's ghost is almost destroyed.
Nxtlvl's ghost hits you.
* * * LOW HITPOINT WARNING * * *
You slash nxtlvl's ghost!
You destroy nxtlvl's ghost!
You have reached level 4!
You feel stronger. The worm barely misses you.
There is an open translucent door, spattered with blood here.
You see here a ball python corpse.
You barely miss the worm. The worm completely misses you.
You hit the worm.
The worm is moderately wounded.
You hit the worm but do no damage.
The worm is moderately wounded.
The worm bites you.
* * * LOW HITPOINT WARNING * * *
You slash the worm!
The worm is heavily wounded.
Casting: Blink (safe; 4% risk of failure)
Confirm with . or Enter, or press ? or * to list all spells.
Aiming: Teleport Other (dangerous; 9% risk of failure)
Press: ? - help, Shift-Dir - straight line, f - worm
Aim: a worm (heavily wounded, chance to affect: 62%)
The worm looks slightly unstable.
Casting: Teleport Other (dangerous; 9% risk of failure)
Confirm with . or Enter, or press ? or * to list all spells.
You blink.
A dart slug comes into view.
The dart slug launches a dart at you. The slug dart hits you.
You die...

#.........#
##.##.####.# #.....#
#.# #..#### #w# #..#
#.#
#######..#######.#
>......<.......#.#
#######..#.....#.####
≈≈≈≈≈≈#.........@...#
≈)≈≈≈≈†w§#.....####.#
≈≈≈≈≈≈#.##.....#
################


You could see a dart slug.

Vanquished Creatures
  The ghost of nxtlvl the Slasher, a weakling DEMo of Vehumet (D:3)
  A worm (D:3)
  2 dart slugs
  3 ball pythons
  4 bats
  4 endoplasms
  2 giant cockroaches
  4 goblins
  3 hobgoblins
  9 jackals (D:1)
  A quokka (D:1)
  2 frilled lizards
  6 kobolds
  A rat (D:3)
43 creatures vanquished.

Notes
Turn   | Place    | Note
-------+----------+-------------------------------------------
     0 | D:1      | r3algoood the Gnoll Warper began the quest for the Orb.
     0 | D:1      | Reached XP level 1. HP: 20/20 MP: 6/6
   129 | D:1      | Reached XP level 2. HP: 16/26 MP: 7/7
   399 | D:1      | Learned a level 2 spell: Blink
   918 | D:1      | Reached XP level 3. HP: 24/31 MP: 9/9
  1009 | D:1      | Reached skill level 5 in Spellcasting
  1058 | D:1      | Found a faded altar of an unknown god.
  1714 | D:2      | Reached skill level 1 in Invocations
  1954 | D:2      | Found a blossoming altar of Fedhas.
  2452 | D:2      | Learned a level 3 spell: Teleport Other
  2458 | D:3      | Found a runed translucent door.
  2471 | D:3      | Reached skill level 1 in Short Blades
  2471 | D:3      | Reached skill level 1 in Long Blades
  2471 | D:3      | Reached skill level 1 in Maces & Flails
  2471 | D:3      | Reached skill level 1 in Polearms
  2471 | D:3      | Reached skill level 1 in Staves
  2471 | D:3      | Reached skill level 1 in Slings
  2471 | D:3      | Reached skill level 1 in Bows
  2471 | D:3      | Reached skill level 1 in Crossbows
  2471 | D:3      | Reached skill level 1 in Stealth
  2471 | D:3      | Reached skill level 1 in Shields
  2471 | D:3      | Reached skill level 1 in Unarmed Combat
  2471 | D:3      | Reached skill level 1 in Evocations
  2475 | D:3      | Noticed nxtlvl's ghost (weakling DEMo)
  2503 | D:3      | Killed nxtlvl's ghost
  2504 | D:3      | Reached XP level 4. HP: 5/38 MP: 11/11
  2507 | D:3      | HP: 1/38 [worm (4)]
  2514 | D:3      | Killed from afar by a dart slug

Illustrated notes

Levels and vault maps discovered:
D:1:      minmay_arrival_solitary_statue, layout_basic,
          dreamdust_ecumenical_altar_angels_and_demons, minmay_split_cup_small
D:2:      layout_rooms, basic_altar, serial_rivers,
          chequers_serial_rivers_small_3, chequers_serial_rivers_micro_b,
          chequers_serial_rivers_marsh, chequers_serial_rivers_micro_e,
          chequers_serial_rivers_small_3, mrwooster_statue_mirror,
          chequers_decorated_corner
D:3:      layout_loops_ring, okawaru_altar_gauntlet_db,
          grunt_temple_overflow_cloverleaf, ebering_ghost_sewer_f

Skill      XL: |  1  2  3 |
---------------+----------+-----
Spellcasting   | 5 |  5.0
Invocations    | 1 |  1.1
Short Blades   | 1 |  1.0
Long Blades    | 1 |  1.0
Maces & Flails | 1 |  1.0
Polearms       | 1 |  1.0
Staves         | 1 |  1.0
Slings         | 1 |  1.0
Bows           | 1 |  1.0
Crossbows      | 1 |  1.0
Stealth        | 1 |  1.0
Shields        | 1 |  1.0
Unarmed Combat | 1 |  1.0
Evocations     | 1 |  1.0
Fighting       | |  4.6
Axes           | |  4.6
Throwing       | |  2.7
Armour         | |  2.7
Dodging        | |  4.6
Conjurations   | |  0.8
Hexes          | |  0.8
Summonings     | |  0.8
Necromancy     | |  0.8
Translocations | |  5.4
Transmutations | |  0.8
Fire Magic     | |  0.8
Ice Magic      | |  0.8
Air Magic      | |  0.8
Earth Magic    | |  0.8
Poison Magic   | |  0.8

Action                   |  1- 3 |  4- 6 || total
-------------------------+-------+-------++-------
Melee: Hand axe          |   142 |     4 ||   146
       Bite              |     8 |       ||     8
       Punch             |     1 |       ||     1
 Cast: Blink             |     3 |     1 ||     4
       Teleport Other    |       |     1 ||     1
 Stab: Sleeping          |     1 |       ||     1
Armor: Leather armour    |    45 |       ||    45
Dodge: Dodged            |   117 |     2 ||   119
